 Dungeon Crawl Stone Soup version 0.27-a0-1149-g4505690ab0 (webtiles) character file.

Game seed: 18303395924034197856

69 Snarg the Magician (level 4, -4/32 HPs)
             Began as a Djinni Wanderer on May 12, 2021.
             Was a Believer of Elyvilon.
             Killed from afar by Ijyb (9 damage)
             ... with an iceblast
             ... on level 3 of the Dungeon.
             The game lasted 00:11:24 (3395 turns).

Snarg the Magician (Djinni Wanderer)                Turns: 3395, Time: 00:11:24

Health: -4/32      AC:  7    Str: 17    XL:     4   Next: 42%
Gold:   76         EV: 12    Int: 14    God:    Elyvilon [**....] SH:  0 Dex: 13

rFire    + + .     SeeInvis .   b - staff of conjuration
rCold    x . .     Faith    .   (no shield)
rNeg     . . .     Spirit   .   d - +0 robe
rPois    ∞         Reflect  .   f - +0 helmet
rElec    .         Harm     .   (no cloak)
rCorr    .         Rampage  .   (no gloves)
Will     .....                  (boots unavailable)
Stlth    ++........             (no amulet)
HPRegen  0.10/turn              k - +6 ring of strength
MPRegen  0.00/turn              l - +4 ring of protection

@: flying
A: sickness immunity, fire resistance 2, cold vulnerability 1, float, innate
caster, hp casting, extra vitality 1
a: Renounce Religion, Lesser Healing, Heal Other, Divine Protection


You were on level 3 of the Dungeon.
You worshipped Elyvilon.
Elyvilon was pleased with you.
You visited 1 branch of the dungeon, and saw 3 of its levels.

You collected 76 gold pieces.

Inventory:

Hand Weapons
 a - a +0 dagger
 h - a +2 long sword of holy wrath
Missiles
 e - 91 stones
Armour
 d - a +0 robe (worn)
 f - a +0 helmet (worn)
Magical Staves
 b - a staff of conjuration (weapon)
Jewellery
 k - a +6 ring of strength (left hand)
 l - a +4 ring of protection (right hand)
 n - a ring of flight
Scrolls
 m - a scroll of vulnerability {unknown}
 o - a scroll of teleportation {unknown}
Potions
 c - a potion of lignification
 g - a potion of heal wounds
 i - a potion of mutation
 j - a potion of berserk rage
 p - a potion of brilliance


   Skills:
 + Level 1.1 Fighting
 - Level 1.0 Throwing
 + Level 1.5 Dodging
 + Level 1.6 Stealth
 + Level 4.9 Spellcasting
 * Level 0.8 Invocations


You couldn't memorise any spells.
You knew the following spells:

 Your Spells              Type           Power      Damage    Failure   Level
a - Magic Dart            Conj           100%       1d8       2%          1
b - Blink                 Tloc           N/A        N/A       3%          2
c - Call Imp              Summ           17%        N/A       3%          2
d - Slow                  Hex            17%        N/A       3%          2
e - Conjure Flame         Conj/Fire      25%        6-21      7%          3
f - Mephitic Cloud        Conj/Pois/Air  25%        N/A       7%          3
g - Foxfire               Conj/Fire      100%       2x1d9     2%          1
Your spell library was empty.

Dungeon Overview and Level Annotations

Branches:
Dungeon (3/15)

Altars:
Elyvilon
Okawaru

Annotations:
D:1 clr
D:2 clr, Sigmund
D:3 Grinder, Ijyb, Purgy


Innate Abilities, Weirdness & Mutations

You are immune to sickness and miasma.
You are immune to poison.
Your flesh is very heat resistant. (rF++)
You are vulnerable to cold. (rC-)
You float through the air rather than walking.
You learn spells naturally, not from books.
Your magical power is your life essence.
You have superior vitality. (+4 HP)


Message History

Confirm with . or Enter, or press ? or * to list all spells.
You feel a surge of power!
You conjure some foxfire!
The foxfire hits the dart slug.
You kill the dart slug!
Your foxfire dissipates!
A hobgoblin comes into view.
The hobgoblin shouts!
You hear a shout! x3
You feel a surge of power!
The magic dart hits the hobgoblin!
You kill the hobgoblin!
Ijyb the Twisted Goblin comes into view.
She is wielding a +2 antimagic dagger and carrying a wand of iceblast (9).
Casting: Magic Dart (safe; 2% risk of failure)
Confirm with . or Enter, or press ? or * to list all spells.
Aiming: Slow (safe; 3% risk of failure)
Press: ? - help, Shift-Dir - straight line, f - Ijyb
Aim: Ijyb, wielding a +2 antimagic dagger, wearing a +0 leather armour and carrying a wand of iceblast (9) (chance to affect: 63%) Ijyb resists with significant effort.
Casting: Slow (safe; 3% risk of failure)
Confirm with . or Enter, or press ? or * to list all spells.
Aiming: Slow (safe; 3% risk of failure)
Press: ? - help, Shift-Dir - straight line, f/p - Ijyb
Aim: Ijyb, wielding a +2 antimagic dagger, wearing a +0 leather armour and carrying a wand of iceblast (9) (chance to affect: 63%) Ijyb seems to slow down.
Grinder comes into view.
Grinder shouts!
You hear a shout! x3
Grinder gestures at you.
You suddenly lose the ability to move!
Ijyb hits you with a +2 antimagic dagger.
Ijyb hits you with a +2 antimagic dagger!
You can move again.
Unknown command.
Unknown command.
Unknown command.
Grinder gestures at you. Pain shoots through your body!
* * * LOW HITPOINT WARNING * * *
Grinder blinks!
You see here a dart slug corpse.
Ijyb zaps a wand.
The mass of ice explodes!
The iceblast engulfs you!
You feel a painful chill!
You die...

#.......##.#
####.#..##.##.#
........##.##.#
........##.##.#
####.##.......#
#.#..##.##.#
#.......##.#
###.######.#
#@##.....#
#†##.###.#
#.##.# #.#
#.##.# #.#
#.##.###.##.#
#.##........#
#g##..##.##.#
#.##.†##.##
#...g.)§....


You could see Ijyb (slow).

Vanquished Creatures
  An adder (D:2)
  A worm (D:2)
  3 dart slugs
  4 endoplasms
  6 hobgoblins
  5 jackals
  2 quokkas
  5 ball pythons
  6 bats
  4 frilled lizards
  6 goblins
  2 kobolds (D:3)
  2 rats
47 creatures vanquished.

Vanquished Creatures (others)
  24 foxfires
24 creatures vanquished.

Grand Total: 71 creatures vanquished

Notes
Turn   | Place    | Note
-------+----------+-------------------------------------------
     0 | D:1      | Snarg the Djinni Wanderer began the quest for the Orb.
     0 | D:1      | Reached XP level 1. HP: 17/17 MP: 0/0
   503 | D:1      | Reached XP level 2. HP: 18/22 MP: 0/0
  1138 | D:1      | Reached XP level 3. HP: 25/27 MP: 0/0
  1138 | D:1      | Learned a level 1 spell: Foxfire
  1186 | D:1      | Found a faded altar of an unknown god.
  1306 | D:1      | Became a worshipper of Elyvilon the Healer
  1306 | D:1      | Reached * piety under Elyvilon
  1845 | D:2      | Noticed Sigmund
  2037 | D:2      | Reached ** piety under Elyvilon
  2038 | D:2      | Reached XP level 4. HP: 12/32 MP: 0/0
  2302 | D:2      | Found an iron altar of Okawaru.
  2981 | D:3      | Noticed Purgy
  3379 | D:3      | Noticed Ijyb
  3383 | D:3      | Noticed Grinder
  3383 | D:3      | Paralysed by Grinder for 3 turns
  3395 | D:3      | Killed from afar by Ijyb

Illustrated notes

Levels and vault maps discovered:
D:1:      dpeg_arrival_stone_temple_mockup, layout_loops_ring,
          hellmonk_ecumenical_altar_leap_of_faith
D:2:      layout_basic, basic_altar, minmay_close_crescents, uniq_sigmund
D:3:      layout_loops_ring, uniq_ijyb, uniq_purgy, uniq_grinder, uniq_robin

Action                   |  1- 3 |  4- 6 || total
-------------------------+-------+-------++-------
Melee: Dagger            |    31 |     3 ||    34
 Cast: Magic Dart        |    54 |    19 ||    73
       Foxfire           |     6 |     7 ||    13
       Slow              |       |     3 ||     3
  Use: Potion            |     1 |       ||     1
       Scroll            |       |     6 ||     6
 Stab: Sleeping          |     2 |     1 ||     3
Armor: Robe              |     7 |       ||     7
Dodge: Dodged            |    26 |     4 ||    30

Table legend: (Time is in decaauts)
 A = Elapsed time spent in this place.
 B = Non-inter-level travel time spent in this place.
 C = Inter-level travel time spent in this place.
 D = Time resting spent in this place.
 E = Time spent auto-exploring this place.
 F = Levels seen in this place.
 G = Mean time per level.
                   A        B        C        D        E       F      G
               +--------+--------+--------+--------+--------+-----+--------+
         Total |   3394 |   3253 |    141 |    354 |   2419 |   3 | 1131.3 |
       Dungeon |   3394 |   3253 |    141 |    354 |   2419 |   3 | 1131.3 |
               +--------+--------+--------+--------+--------+-----+--------+

Top non-repeatable levels by time:
     D:2: 1507 daAuts
     D:1: 1467 daAuts
     D:3: 419 daAuts
